 Dungeon Crawl Stone Soup version 0.21.1-1-g345015f (webtiles) character file.

1360 teukkam the Ruffian (level 8, -3/81 HPs)
             Began as a Troll Monk on Feb 22, 2018.
             Slain by Grum
             ... wielding a +0 long sword
              (5 damage)
             ... on level 8 of the Dungeon on Feb 23, 2018.
             The game lasted 00:10:19 (1095 turns).

teukkam the Ruffian (Troll Monk)                    Turns: 1095, Time: 00:10:21

Health: -3/81      AC:  5    Str: 22    XL:     8   Next: 37%
Magic:  7/7        EV: 12    Int:  6    God:
Gold:   167        SH:  0    Dex: 12    Spells: 7/7 levels left

rFire    . . .     SeeInvis .     - Unarmed
rCold    . . .     Gourm    +   (no shield)
rNeg     . . .     Faith    .   a - +0 robe
rPois    .         Spirit   .   (helmet restricted)
rElec    .         Reflect  .   (no cloak)
rCorr    .         Harm     .   (gloves unavailable)
MR       .....                  (boots unavailable)
Stlth    ++........             (no amulet)
HPRegen  0.63/turn              (no ring)
MPRegen  0.10/turn              (no ring)

@: no status effects
A: large, unfitting armour, claws 3, fast metabolism 3, gourmand, regeneration
1, shaggy fur 1, tough skin 2
a: no special abilities


You were on level 8 of the Dungeon.
You were very full.

You visited 1 branch of the dungeon, and saw 9 of its levels.

You collected 167 gold pieces.

Inventory:

Missiles
 d - 15 poisoned needles
Armour
 a - a +0 robe (worn)
Jewellery
 g - an uncursed ring of ice
Wands
 c - a wand of acid (7)
Scrolls
 e - a scroll of remove curse
Comestibles
 b - 3 rations


   Skills:
 + Level 5.5 Fighting
 + Level 5.5 Dodging
 - Level 1.0 Stealth
 + Level 6.6 Unarmed Combat


You had 7 spell levels left.
You didn't know any spells.

Dungeon Overview and Level Annotations

Branches:
Dungeon (9/15)             Temple (0/1) D:4            Lair (0/6) D:8
    Orc: D:9-12

Altars:

Annotations:
D:2 Robin
D:8 Grum


Innate Abilities, Weirdness & Mutations

You are too large for most types of armour.
You have claws for hands.
Your metabolism is lightning-fast.
You like to eat raw meat.
Your natural rate of healing is unusually fast.
You are covered in fur. (AC +1)
You have very tough skin. (AC +2)


Message History

* * * LOW HITPOINT WARNING * * *
The centaur closely misses you.
Unknown command.
You aren't carrying any potions.
As you read the scroll of random uselessness, it crumbles to dust.
You hear the distant roaring of an enraged millipede.
The wolf barely misses you. The centaur closely misses you.
The gnoll closely misses you. Grum misses you. The wolf bites you!
* * * LOW HITPOINT WARNING * * *
The gnoll hits you from afar with a spear.
* * * LOW HITPOINT WARNING * * *
The gnoll hits you with a whip.
* * * LOW HITPOINT WARNING * * *
You claw the centaur!
The centaur is heavily wounded.
The centaur barely misses you. The wolf bites you.
* * * LOW HITPOINT WARNING * * *
The gnoll barely misses you. The centaur misses you.
Grum hits you with a long sword.
You die...

.#.......#...........#
.##............[......
..........#...........
###.......#.........#
.....=.รท.##.........##
#
........####.........#.(
###..#..# #............
####.#..####...ocg.o.(..
...(............@hZ.....
........##......ggggg..#
........###.......g...(.
..........##......o.....
.....................$..
.....................##.
.......................
........#(..#...###..##
######.#.


You could see Grum, an orc warrior, a wolf, a centaur, a gnoll shaman, 5 gnolls,
2 orcs and a hound skeleton.

Vanquished Creatures
  The ghost of Autsider the Bolt Thrower, a novice KoHu of Dithmenos (D:5)
  3 wargs (D:8)
  A phantom (D:5)
  2 wolves (D:8)
  2 bullfrogs
  A scorpion (D:8)
  3 crimson imps
  A centaur zombie (D:6)
  2 hounds
  4 orc wizards (D:8)
  2 worker ant zombies (D:5)
  A worm (D:2)
  3 orcs
  2 giant cockroaches
  2 goblins (D:1)
  2 jackals (D:1)
  A quokka (D:8)
  2 frilled lizards
  A kobold (D:2)
  A leopard gecko zombie (D:5)
  6 rats
43 creatures vanquished.

Notes
Turn   | Place    | Note
-------+----------+-------------------------------------------
     0 | D:1      | teukkam the Troll Monk began the quest for the Orb.
     0 | D:1      | Reached XP level 1. HP: 22/22 MP: 0/0
   100 | D:2      | Reached XP level 2. HP: 20/29 MP: 1/1
   120 | D:2      | Noticed Robin
   320 | D:4      | Found a staircase to the Ecumenical Temple.
   328 | D:5      | Entered Level 5 of the Dungeon
   330 | D:5      | Noticed a phantom
   388 | D:5      | Killed a phantom
   388 | D:5      | Reached XP level 3. HP: 22/37 MP: 2/2
   388 | D:5      | Reached XP level 4. HP: 27/45 MP: 3/3
   473 | D:5      | Reached skill level 4 in Unarmed Combat
   492 | D:5      | Reached XP level 5. HP: 51/53 MP: 4/4
   522 | D:5      | Noticed Autsider's ghost (novice KoHu)
   537 | D:5      | Killed Autsider's ghost
   537 | D:5      | Reached XP level 6. HP: 38/62 MP: 5/5
   588 | D:6      | Reached skill level 5 in Unarmed Combat
   637 | D:7      | Reached XP level 7. HP: 58/70 MP: 6/6
   681 | D:8      | Found a staircase to the Lair.
   718 | D:8      | Reached skill level 5 in Fighting
   718 | D:8      | Reached skill level 5 in Dodging
   718 | D:8      | Reached skill level 6 in Unarmed Combat
   726 | D:8      | Reached XP level 8. HP: 35/80 MP: 7/7
  1082 | D:8      | Noticed Grum
  1095 | D:8      | HP: 2/81 [wolf[Grum] (5)]
  1095 | D:8      | Slain by Grum

Skill      XL: |  1  2  3  4  5  6  7 |
---------------+----------------------+-----
Fighting       | 3 4 5 |  5.5
Dodging        | 3 4 5 |  5.5
Unarmed Combat | 4 5 6 |  6.6
Stealth        | |  1.0

Action                   |  1- 3 |  4- 6 |  7- 9 || total
-------------------------+-------+-------+-------++-------
Melee: Unarmed           |    60 |    54 |    61 ||   175
       Punch             |     1 |       |     3 ||     4
Throw: Tomahawk          |       |       |     6 ||     6
Evoke: Wand              |       |       |     4 ||     4
  Use: Potion            |       |     1 |     2 ||     3
       Scroll            |       |       |     3 ||     3
 Stab: Sleeping          |     1 |       |       ||     1
  Eat: Chunk             |     9 |     2 |     4 ||    15
Armor: Robe              |    10 |    10 |    12 ||    32
Dodge: Dodged            |    25 |    26 |    41 ||    92
